General information
	        
			
        
        - name: jay
 
        - type: Custom game
 
        - host: totalrecon.
 
        - saver: YEAHSHESASSBATS
 
        
map: SecretValley 
        - players: 5
 
        - length: 25:00
 
        - speed: Fast
 - version: 1.22 W3XP
 - replay type:  Public
 
» download(220 KB)
Players
        team 1 (loser) 
              
              
YEAHSHESASSBATS (
pink | 144 APM | 3611 actions | 25:00)
              
 4 Pit Lord 
 2 Howl of Terror
 2 Cleaving Attack
 3 Priestess of the Moon 
 2 Trueshot Aura
 1 Searing Arrows
 
                » actions 
                
                | Assign group hotkey | 54 |  | 
| Basic commands | 203 |  | 
| Build / train | 100 |  | 
| ESC pressed | 4 |  | 
| Enter build submenu | 21 |  | 
| Enter hero's abilities submenu | 7 |  | 
| Give item / drop item | 2 |  | 
| Right click | 1633 |  | 
| Select / deselect | 965 |  | 
| Select group hotkey | 497 |  | 
| Use ability | 124 |  | 
                3611 total
 » units 
                
                | Wisp | 22 |  | 
| Archer | 12 |  | 
| Dryad | 17 |  | 
| Faerie Dragon | 3 |  | 
| Huntress | 6 |  | 
| Mountain Giant | 3 |  | 
                63 total
 » upgrades
                
                | Abolish Magic | 1 |  | 
| Moon Armor | 2 |  | 
| Reinforced Hides | 1 |  | 
                4 total
 » buildings
                
                | Moon Well | 5 |  | 
| Ancient of War | 2 |  | 
| Altar of Elders | 1 |  | 
| Ancient of Wonders | 2 |  | 
| Tree of Ages | 1 |  | 
| Hunter's Hall | 1 |  | 
| Ancient of Lore | 1 |  | 
| Ancient of Wind | 1 |  | 
| Ancient Protector | 5 |  | 
| Tree of Life | 1 |  | 
| Tree of Eternity | 1 |  | 
                21 total
 » build order
                00:06 Moon Well
00:08 Ancient of War
00:23 Altar of Elders
01:56 Moon Well
02:50 Ancient of Wonders
03:28 Tree of Ages
03:47 Hunter's Hall
04:36 Moon Well
05:26 Moon Well
06:00 Ancient of Lore
09:04 Ancient of Wind
09:51 Ancient Protector
13:56 Ancient of War
15:17 Ancient of Wonders
16:11 Tree of Life
16:45 Ancient Protector
17:14 Tree of Eternity
18:27 Moon Well
18:31 Ancient Protector
21:21 Ancient Protector
21:22 Ancient Protector
» items
                
                | Dust of Appearance | 3 |  | 
| Lesser Clarity Potion | 3 |  | 
| Potion of Healing | 10 |  | 
| Staff of Preservation | 2 |  | 
| Scroll of Town Portal | 2 |  | 
| Moonstone | 1 |  | 
| Orb of Venom | 1 |  | 
                22 total
  
               team 2 (winner) 
              
              
IPRACTICE2SUCK (
yellow | 267 APM | 6681 actions | 25:00)
              
 5 Blademaster 
 2 Wind Walk
 3 Critical Strike
 5 Shadow Hunter 
 2 Hex
 3 Healing Wave
 
                » actions 
                
                | Assign group hotkey | 81 |  | 
| Basic commands | 63 |  | 
| Build / train | 100 |  | 
| Enter build submenu | 15 |  | 
| Enter hero's abilities submenu | 10 |  | 
| Give item / drop item | 6 |  | 
| Remove unit from queue | 1 |  | 
| Right click | 2770 |  | 
| Select / deselect | 931 |  | 
| Select group hotkey | 2457 |  | 
| Use ability | 247 |  | 
                6681 total
 » units 
                
                | Peon | 11 |  | 
| Grunt | 5 |  | 
| Raider | 13 |  | 
| Spirit Walker | 6 |  | 
| Kodo Beast | 2 |  | 
| Demolisher | 5 |  | 
                42 total
 » upgrades
                
                | Berserker Strength | 1 |  | 
| Spirit Walker Training | 1 |  | 
| Ensnare | 1 |  | 
| Backpack | 0 |  | 
| Pillage | 1 |  | 
                4 total
 » buildings
                
                | Altar of Storms | 2 |  | 
| Orc Burrow | 6 |  | 
| Barracks | 1 |  | 
| Voodoo Lounge | 1 |  | 
| Stronghold | 2 |  | 
| Beastiary | 1 |  | 
| Spirit Lodge | 1 |  | 
| War Mill | 1 |  | 
| Great Hall | 1 |  | 
                16 total
 » build order
                00:05 Altar of Storms
00:06 Altar of Storms
00:19 Orc Burrow
00:48 Barracks
01:32 Orc Burrow
01:49 Voodoo Lounge
02:55 Stronghold
02:56 Stronghold
04:35 Orc Burrow
05:46 Beastiary
05:48 Spirit Lodge
08:18 Orc Burrow
11:34 Orc Burrow
11:35 Orc Burrow
11:36 War Mill
13:15 Great Hall
» items
                
                | Healing Salve | 7 |  | 
| Circlet of Nobility | 7 |  | 
| Boots of Speed | 2 |  | 
| Scroll of Speed | 2 |  | 
| Lesser Clarity Potion | 2 |  | 
| Scroll of Town Portal | 2 |  | 
| Scroll of Healing | 2 |  | 
| Potion of Mana | 1 |  | 
| Potion of Lesser Invulnerability | 1 |  | 
                26 total
  
               observerstotalrecon., 
Rush[yyz], 
Brooklyn23 Chat log
          (00:02 / All) YEAHSHESASSBATS: u sum kinda fag
(00:11 / All) IPRACTICE2SUCK: rOFL
(00:12 / All) IPRACTICE2SUCK: RIOGHT?
(00:25 / All) IPRACTICE2SUCK: GOT DONE
(00:29 / All) YEAHSHESASSBATS: dam laggy
(00:31 / All) IPRACTICE2SUCK: watching grubby vs sase reps
(00:42 / All) YEAHSHESASSBATS: u got 56k recon
(00:43 / All) YEAHSHESASSBATS: lol
(00:52 / All) IPRACTICE2SUCK: actually
(00:56 / All) IPRACTICE2SUCK: u should have good latency
(00:58 / All) IPRACTICE2SUCK: so dont lie
(01:04 / All) YEAHSHESASSBATS: mine is so bad
(01:05 / All) YEAHSHESASSBATS: dd
(01:11 / All) IPRACTICE2SUCK: u two
(01:13 / All) IPRACTICE2SUCK: are so close
(01:14 / All) IPRACTICE2SUCK: to each other
(01:17 / All) IPRACTICE2SUCK: im far away
(01:20 / All) IPRACTICE2SUCK: And i got good latency 
(01:23 / All) IPRACTICE2SUCK: Stop lying
(02:29 / All) YEAHSHESASSBATS: niggas dont know bout compton shit
(05:44 / All) YEAHSHESASSBATS: u dont know shit
(05:56 / All) YEAHSHESASSBATS: my times trife
(06:55 / All) YEAHSHESASSBATS: Why would u do that
(07:22 / All) YEAHSHESASSBATS: D
(07:22 / All) YEAHSHESASSBATS: D
(07:23 / All) IPRACTICE2SUCK: Brook gtfo
(08:01 / All) YEAHSHESASSBATS: this ones for daddy
(09:14 / All) YEAHSHESASSBATS: typical orc
(10:25 / All) YEAHSHESASSBATS: dont tread on my dreams
(11:46 / All) YEAHSHESASSBATS: Play real race
(11:53 / All) IPRACTICE2SUCK: i agree
(12:36 / All) YEAHSHESASSBATS: wow
(15:10 / All) YEAHSHESASSBATS: u serious
(18:58 / All) YEAHSHESASSBATS: gg
(19:08 / All) IPRACTICE2SUCK: Gg
(24:55 / All) YEAHSHESASSBATS: gg